 Dungeon Crawl Stone Soup version 0.17.1-3-g152610e (webtiles) character file.

382 Breadlance the Skirmisher (level 6, -3/52 HPs)
             Began as a Centaur Fighter on Apr 2, 2016.
             Succumbed to Edmund's poison
             ... on level 4 of the Dungeon.
             The game lasted 00:06:00 (3772 turns).

Breadlance the Skirmisher (Centaur Fighter)         Turns: 3772, Time: 00:06:00

Health: -3/52      AC:  9    Str: 27    XL:     6   Next: 47%
Magic:  6/6        EV:  4    Int:  7    God:
Gold:   171        SH:  9    Dex:  9    Spells: 0 memorised, 5 levels left

rFire  . . .     SeeInvis .     a - +0 trident
rCold  . . .     Clarity  .     g - +0 chain mail
rNeg   . . .     SustAt   .     c - +0 shield
rPois  .         Gourm    .     (no helmet)
rElec  .         Spirit   .     (no cloak)
rCorr  .         Warding  .     j - +0 pair of gloves
rMut   .         Stasis   .     (no barding)
MR     .....                    (no amulet)
Stlth  ..........               (no ring)
                                h - +2 ring of strength

@: mighty, lethally poisoned (-3 -> -44), very quick, not resistant to hostile
enchantments, extremely unstealthy
A: hooves 3, deformed body, speed 2, tough skin 3
a: no special abilities


You were on level 4 of the Dungeon.
You were very hungry.

You visited 1 branch of the dungeon, and saw 4 of its levels.

You collected 171 gold pieces.

Inventory:

Hand Weapons
 a - a +0 trident (weapon)
Armour
 c - a +0 shield (worn)
 g - a +0 chain mail (worn)
 j - a +0 pair of gloves (worn)
Jewellery
 h - a +2 ring of strength (left hand)
Wands
 r - a wand of teleportation (6)
Scrolls
 b - a scroll of fog
 l - 6 scrolls of identify
 m - a scroll of blinking {unknown}
 n - 2 scrolls of recharging
 q - a scroll of teleportation {unknown}
 t - a scroll of remove curse
Potions
 f - 2 potions of haste {unknown}
 o - a potion of flight {unknown}
 p - a potion of degeneration {unknown}
Comestibles
 e - 3 bread rations
 i - a slice of pizza
 k - 7 fruits
 s - a royal jelly


   Skills:
 + Level 4.0 Fighting
 + Level 3.2 Polearms
 + Level 3.3 Armour
 + Level 0.8 Dodging
 + Level 3.5 Shields


You had 5 spell levels left.
You didn't know any spells.

Dungeon Overview and Level Annotations

Branches:
Dungeon (4/15)
 Temple: D:4-7

Altars:
Kikubaaqudgha

Annotations:
D:4 Edmund


Innate Abilities, Weirdness & Mutations

You have hooves in place of feet.
Armour fits poorly on your strangely shaped body.
You cover ground very quickly.
You have extremely tough skin (AC +3).


Message History

You are lethally poisoned!
You puncture Edmund! Your kick misses Edmund.
Edmund is heavily wounded.
You feel sick. Edmund hits you but does no damage.
You are more poisoned.
You barely miss Edmund. You kick Edmund.
Edmund is heavily wounded.
You feel very sick. Edmund hits you with a flail of venom.
* * * LOW HITPOINT WARNING * * *
You are more poisoned.
Your chain mail prevents you from hitting Edmund.
Edmund is heavily wounded.
* * * LOW HITPOINT WARNING * * *
You feel very sick. Edmund hits you with a flail of venom!
* * * LOW HITPOINT WARNING * * *
You hit Edmund but do no damage. You kick Edmund.
Edmund is heavily wounded.
You die...

########### #.........###
###########...........#
##.....................#
.....................#.#
##.#########..##@###.# #.######
#..##@# # #<##<..# #..##.#
#....).# #..##.###.# #......#
#.......... #.#.#.##
#####..#..###### #.#.#.#
########.....#...#### ## #.#.#.#
#...(.# #.#.......... ..
#.#.#.###.###.###.#.......# #.
#.#.#.#<.......##.#.......#####.


You could see Edmund.

Vanquished Creatures
  The ghost of Breadlance the Skirmisher, an amateur HOFi (D:3)
  A phantom (D:4)
  An ogre (D:4)
  A giant frog skeleton (D:4)
  Terence (D:3)
  An adder (D:3)
  An adder skeleton (D:4)
  2 worms
  An orc (D:4)
  5 ball pythons
  3 bats
  3 giant cockroaches
  7 hobgoblins
  8 jackals
  A quokka (D:3)
  A giant gecko skeleton (D:4)
  5 giant newts
  16 goblins
  6 kobolds
  4 rats
69 creatures vanquished.

Notes
Turn   | Place    | Note
--------------------------------------------------------------
     0 | D:1      | Breadlance the Centaur Fighter began the quest for the Orb.
     0 | D:1      | Reached XP level 1. HP: 19/19 MP: 1/1
   130 | D:1      | Reached XP level 2. HP: 26/26 MP: 2/2
   741 | D:2      | Reached XP level 3. HP: 26/31 MP: 3/3
  1891 | D:3      | Found an ancient bone altar of Kikubaaqudgha.
  1892 | D:3      | Noticed Breadlance's ghost (amateur HOFi)
  1905 | D:3      | Killed Breadlance's ghost
  1905 | D:3      | Reached XP level 4. HP: 8/39 MP: 4/4
  1905 | D:3      | Reached XP level 5. HP: 9/45 MP: 5/5
  2307 | D:3      | Noticed Terence
  2315 | D:3      | Killed Terence
  2970 | D:4      | Noticed an ogre
  2976 | D:4      | Killed an ogre
  2976 | D:4      | Reached XP level 6. HP: 7/52 MP: 6/6
  3519 | D:4      | Noticed a phantom
  3561 | D:4      | Killed a phantom
  3561 | D:4      | Reached skill level 4 in Fighting
  3755 | D:4      | Noticed Edmund
  3771 | D:4      | HP: 2/52 [Edmund/flail of venom (7)]
  3772 | D:4      | Succumbed to Edmund's poison

Action                   |  1- 3 |  4- 6 || total
-------------------------+-------+-------++-------
Melee: Trident           |   144 |   114 ||   258
  Use: Scroll            |     8 |       ||     8
       Potion            |     1 |     1 ||     2
 Stab: Distracted        |     1 |       ||     1
  Eat: Chunk             |     1 |     5 ||     6
